 Dungeon Sprint DCSS version 0.19-a0-1682-g5114f93 (webtiles) character file.

7624 Saways the Shatterer (level 11, -2/127 HPs)
             Began as an Ogre Gladiator on Sept 24, 2016.
             Was the Champion of Makhleb.
             Slain by a vault warden
             ... wielding a +3 broad axe of distortion
              (28 damage)
             ... in the Dungeon (Sprint V: "Ziggurat Sprint").
             The game lasted 00:02:31 (443 turns).

Saways the Shatterer (Ogre Gladiator)                Turns: 443, Time: 00:02:31

Health: -2/127     AC: 24    Str: 28    XL:     11   Next: 18%
Magic:  11/11      EV:  8    Int: 11    God:    Makhleb [******]
Gold:   0          SH:  0    Dex: 19    Spells: 0 memorised, 10 levels left

rFire  + . .     SeeInvis .     M - +4 mace of Variability {chaos}
rCold  + . .     Gourm    .     l - +5 gold dragon armour
rNeg   . . .     Faith    .     (shield currently unavailable)
rPois  +         Spirit   .     c - +0 hat
rElec  +         Dismiss  .     P - +1 cloak "Imuu" {rElec Int+4}
rCorr  .         Reflect  .     (gloves unavailable)
MR     +....     Harm     .     (boots unavailable)
Stlth  .......... NoTele   +    (no amulet)
                                B - +6 ring of dexterity
                                G - +6 ring of strength

@: marked, very slightly contaminated
A: unfitting armour, tough skin 1
a: Minor Destruction, Lesser Servant of Makhleb, Major Destruction, Greater
Servant of Makhleb, Renounce Religion


You were in the Dungeon.
You worshipped Makhleb.
Makhleb was exalted by your worship.
You were not hungry.

You visited 1 branch

Inventory:

Hand Weapons
 a - a +0 flail
 L - the +7 great mace "Firestarter" {inner flame, rF++}
   (You found it in the Dungeon)

   It has been specially enchanted to burn those struck by it, causing extra
   injury to most foes and up to half again as much damage against particularly
   susceptible opponents.
   It greatly protects you from fire.
 M - the +4 mace of Variability (weapon) {chaos}
   (You found it in the Dungeon)

   Each time it hits an enemy it has a different, random effect.
 N - a +5 giant spiked club
Missiles
 d - 3 throwing nets (quivered)
Armour
 b - a +0 robe
 c - a +0 hat (worn)
 l - a +5 gold dragon armour (worn)
 P - the +1 cloak "Imuu" (worn) {rElec Int+4}
   (You found it in the Dungeon)

   It affects your intelligence (+4).
   It insulates you from electricity.
Jewellery
 B - a +6 ring of dexterity (right hand)
 C - a +6 ring of dexterity
 D - a +6 ring of intelligence
 E - a +6 ring of intelligence
 F - a +6 ring of strength
 G - a +6 ring of strength (left hand)
 O - a +3 ring of evasion
 R - an uncursed ring of protection from magic
Wands
 H - a wand of disintegration (7/24)
 I - a wand of iceblast (5/15)
 J - a wand of lightning (5/15)
 K - a wand of acid (5/15)
 S - a wand of hasting (2/9)
Scrolls
 k - 4 scrolls of blinking
 s - 4 scrolls of amnesia
 t - 3 scrolls of recharging
 u - 8 scrolls of fog
 v - a scroll of holy word
 w - 5 scrolls of identify
 x - 5 scrolls of remove curse
 y - 2 scrolls of fear
Potions
 e - 9 potions of curing
 g - 10 potions of heal wounds
 h - 5 potions of haste
 i - 7 potions of magic
 j - 3 potions of berserk rage
 m - 2 potions of brilliance
 n - 2 potions of invisibility
 o - 4 potions of resistance
 q - 4 potions of agility
 r - 5 potions of might
Miscellaneous
 p - a sack of spiders
 Q - a lamp of fire
Comestibles
 f - 5 bread rations
 z - 42 fruits
 A - 4 meat rations


   Skills:
 + Level 13.3 Fighting
 * Level 24.8 Maces & Flails
 - Level 2.0 Throwing
 + Level 5.9 Armour
 + Level 9.0 Dodging


You had 10 spell levels left.
You didn't know any spells.

Dungeon Overview and Level Annotations

Branches:
Dungeon (1/1)

Altars:
Ashenzari
Cheibriados
Dithmenos
Elyvilon
Fedhas
Gozag
Hepliaklqana
Kikubaaqudgha
Makhleb
Nemelex Xobeh
Okawaru
Qazlal
Ru
Sif Muna
Trog
Uskayaw
Vehumet
Xom
Yredelemnul
Zin
The Shining One
Beogh
Jiyva
Lugonu


Innate Abilities, Weirdness & Mutations

You are too large for most types of armour.
You have tough skin. (AC +1)


Message History

Unknown command.
Quiver which item? (- for none, * to show all) (? for menu, Esc to quit)
Okay, then.
You feel better.
Unknown command.
The ogre mage hits you but does no damage.
Something hits you!
* * * LOW HITPOINT WARNING * * *
Space bends around you.
* * * LOW HITPOINT WARNING * * *
You sock the ogre mage!
You kill the ogre mage!
Makhleb accepts your kill.
You feel better.
Unknown command.
Something hits you but does no damage. Space bends around you.
* * * LOW HITPOINT WARNING * * *
You see here a bolt.
Something hits you!!
You die...

▓...††...▓........▓
▓........▓..)††...▓
▓.▓....▓.▓........▓
▓........▓........▓
▓▓▓▓▓▓▓▓▓▓▓▓▓▓▓▓▓▓▓
▓...8©8...▓..8©8..▓
▓..).:)...▓..|)...▓
▓...)[:...▓..)[...▓
▓....@(.).▓.......▓
▓....[)...▓.......▓
▓...[..(..▓.......▓
▓.........▓.......▓
▓.........▓.▓...▓.▓
▓.........▓.......▓
▓▓▓▓▓▓▓▓▓▓▓▓▓▓▓▓▓▓▓
▓..8©8..▓ ▓..|})..▓


There were no monsters in sight!

Vanquished Creatures
  An ironheart preserver (D)
  3 ogre magi (D)
  3 toenail golems (D)
  A guardian serpent (shapeshifter) (D)
  A vault sentinel (D)
  A yaktaur (D)
  A rime drake (D)
  4 merfolk (D)
  A wind drake (D)
  2 air elementals (D)
  2 steam dragons (D)
  3 insubstantial wisps (D)
  A naga (D)
  2 water moccasins (D)
  A swamp drake (D)
  A wight (D)
  An orc priest (D)
  An orc wizard (D)
  An adder (D)
  An adder zombie (D)
  4 orcs (D)
  A ball python (D)
37 creatures vanquished.

Notes
Turn   | Place    | Note
-------+----------+-------------------------------------------
     0 | D        | Saways the Ogre Gladiator began the quest for the Orb.
     0 | D        | Reached XP level 1. HP: 22/22 MP: 1/1
    15 | D        | Found a deep blue altar of Sif Muna.
    15 | D        | Found a bloodstained altar of Trog.
    15 | D        | Found a sacrificial altar of Ru.
    15 | D        | Found a stormy altar of Qazlal.
    15 | D        | Found an iron altar of Okawaru.
    16 | D        | Found a sparkling altar of Nemelex Xobeh.
    16 | D        | Found a blossoming altar of Fedhas.
    18 | D        | Found an ancient bone altar of Kikubaaqudgha.
    18 | D        | Found a viscous altar of Jiyva.
    18 | D        | Found a corrupted altar of Lugonu.
    18 | D        | Found a hazy altar of Hepliaklqana.
    18 | D        | Found a burning altar of Makhleb.
    18 | D        | Found an opulent altar of Gozag.
    78 | D        | Became a worshipper of Makhleb the Destroyer
    85 | D        | Reached skill level 5 in Fighting
    85 | D        | Reached skill level 7 in Maces & Flails
    85 | D        | Reached XP level 2. HP: 35/35 MP: 2/2
    86 | D        | Entered arena 1.
    86 | D        | Noticed a wight
    88 | D        | Killed a wight
    88 | D        | Reached skill level 8 in Maces & Flails
    88 | D        | Reached XP level 3. HP: 38/42 MP: 3/3
   106 | D        | Entered arena 2.
   106 | D        | Noticed a toenail golem
   106 | D        | Noticed a toenail golem
   106 | D        | Noticed a toenail golem
   113 | D        | Killed a toenail golem
   113 | D        | Reached * piety under Makhleb
   113 | D        | Reached skill level 14 in Maces & Flails
   113 | D        | Reached XP level 4. HP: 51/55 MP: 4/4
   113 | D        | Reached XP level 5. HP: 58/62 MP: 5/5
   113 | D        | Reached XP level 6. HP: 66/71 MP: 6/6
   119 | D        | Killed a toenail golem
   119 | D        | Reached skill level 16 in Maces & Flails
   119 | D        | Reached XP level 7. HP: 72/79 MP: 7/7
   121 | D        | Killed a toenail golem
   121 | D        | Reached skill level 17 in Maces & Flails
   121 | D        | Reached XP level 8. HP: 81/89 MP: 8/8
   130 | D        | Entered arena 3.
   130 | D        | Noticed a merfolk
   130 | D        | Noticed a merfolk
   130 | D        | Noticed a merfolk
   130 | D        | Noticed a merfolk
   135 | D        | Killed a merfolk
   135 | D        | Reached ** piety under Makhleb
   138 | D        | Killed a merfolk
   138 | D        | Reached skill level 18 in Maces & Flails
   142 | D        | Killed a merfolk
   142 | D        | Reached XP level 9. HP: 97/98 MP: 9/9
   146 | D        | Killed a merfolk
   146 | D        | Reached *** piety under Makhleb
   146 | D        | Reached skill level 19 in Maces & Flails
   150 | D        | Got the +1 cloak "Imuu" {rElec Int+4}
   160 | D        | Entered arena 4.
   160 | D        | Noticed a rime drake
   169 | D        | Killed a rime drake
   169 | D        | Reached skill level 20 in Maces & Flails
   181 | D        | Entered arena 5.
   184 | D        | Reached **** piety under Makhleb
   184 | D        | Reached skill level 10 in Fighting
   193 | D        | Reached skill level 21 in Maces & Flails
   203 | D        | Entered arena 6.
   203 | D        | Noticed a wind drake
   210 | D        | Reached ***** piety under Makhleb
   212 | D        | Killed a wind drake
   216 | D        | Reached XP level 10. HP: 45/111 MP: 10/10
   231 | D        | Reached skill level 22 in Maces & Flails
   380 | D        | Entered arena 7.
   397 | D        | Reached ****** piety under Makhleb
   403 | D        | Entered arena 8.
   403 | D        | Noticed an ironheart preserver
   403 | D        | Noticed an ogre mage
   403 | D        | Noticed a vault sentinel
   403 | D        | Noticed a vault warden
   403 | D        | Noticed an ogre mage
   408 | D        | Noticed a hornet
   416 | D        | Killed an ironheart preserver
   416 | D        | Reached skill level 23 in Maces & Flails
   421 | D        | Killed an ogre mage
   421 | D        | Reached skill level 5 in Armour
   425 | D        | Killed a vault sentinel
   425 | D        | Noticed a guardian serpent
   425 | D        | a hornet changed into a guardian serpent
   426 | D        | Killed a guardian serpent
   426 | D        | Reached skill level 24 in Maces & Flails
   435 | D        | Killed an ogre mage
   435 | D        | Reached XP level 11. HP: 69/126 MP: 11/11
   441 | D        | Killed an ogre mage
   443 | D        | Slain by a vault warden

Vault maps used:
D:        sprint_v

Skill      XL: |  1  2  3  4  5  6  7  8  9 10 11 |
---------------+----------------------------------+-----
Fighting       | 5 7 8 9 10 12 13 | 13.3
Maces & Flails | 7 8 14 16 17 18 21 24 | 24.8
Armour         | 2 3 4 5 |  5.9
Dodging        | 4 6 7 8 9 |  9.0
Throwing       | |  2.0

Action                   |  1- 3 |  4- 6 |  7- 9 | 10-12 || total
-------------------------+-------+-------+-------+-------++-------
Melee: Giant spiked club |    11 |     6 |    53 |    32 ||   102
       Great mace        |       |       |       |    28 ||    28
Evoke: Wand              |       |       |       |     1 ||     1
  Use: Potion            |     3 |       |       |     1 ||     4
 Stab: Confused          |       |       |     1 |       ||     1
       Petrifying        |       |       |       |     2 ||     2
Armor: Gold dragon armou |    15 |     5 |    69 |    52 ||   141
Dodge: Dodged            |       |     4 |    45 |    17 ||    66
